cohdb
Replays
Latest Replays
All Replays
Popular Replays
Top Player Replays
Match Explorer
How It Works
Community
CoH3 Stats
Reddit
Sign in to upload your games and track your stats! →
Sign in with Steam
Match 45529323
Unlisted
Match 45529323
Overview
Messages
Build Orders
End
Construct Barracks
Riflemen Squad
Riflemen Squad
Riflemen Squad
Construct Weapon Support Center
Infantry Support Center
Bazooka Squad
Construct Medical Station
M1919 Machine Gun Team
M3 Armored Personnel Carrier
Selects Heavy Weapons
Selects M2HB .50cal Heavy Machine Gun
M1919 Machine Gun Team
Ra11
Otto Karius
Dr. Jekyll
PutPut-AusarTheVile
0
0
Comments
sign in to comment!
No comments posted yet!